 Dungeon Crawl Stone Soup version 0.27-a0-54-g64bdb92e38 (webtiles) character file.

Game seed: 4654913557743011202

73 lessens the Chopper (level 3, -2/45 HPs)
             Began as a Demigod Wanderer on Jan 7, 2021.
             Slain by Sigmund
             ... wielding a +0 scythe
              (3 damage)
             ... on level 2 of the Dungeon.
             The game lasted 00:02:11 (1904 turns).

lessens the Chopper (Demigod Wanderer)              Turns: 1904, Time: 00:02:11

Health: -2/45      AC: 21    Str: 16    XL:     3   Next: 83%
Magic:  5/5        EV:  2    Int: 16    God:
Gold:   45         SH:  0    Dex: 16    Spells: 2/2 levels left

rFire    . . .     SeeInvis .   h - +0 hand axe
rCold    . . .     Faith    .   (no shield)
rNeg     + + +     Spirit   .   (armour currently unavailable)
rPois    +         Reflect  .   (helmet currently unavailable)
rElec    .         Harm     .   (cloak currently unavailable)
rCorr    .         Rampage  .   (gloves currently unavailable)
Will     .....     NoTele   +   (boots currently unavailable)
Stlth    ++........             (no amulet)
HPRegen  0.15/turn              (no ring)
MPRegen  0.09/turn              (no ring)

@: tree-form
A: high mp 1
a: no special abilities


You were on level 2 of the Dungeon.
You were a tree.
You visited 1 branch of the dungeon, and saw 2 of its levels.

You collected 45 gold pieces.

Inventory:

Hand Weapons
 a - a +0 dagger
 f - a +0 vampiric whip
 h - a +0 hand axe (weapon)
Missiles
 c - 26 poisoned darts (quivered)
 g - 69 stones
Armour
 d - a +2 scale mail (melded)
 j - a +0 ring mail
 n - a +0 helmet
Jewellery
 k - an uncursed ring of magical power {unknown}
 m - an uncursed ring of ice {unknown}
Scrolls
 e - 2 scrolls of noise {unknown}
 i - 2 scrolls of remove curse {unknown}
 l - a scroll of identify {unknown}


   Skills:
 - Level 2.6 Fighting
 + Level 3.6 Axes
 - Level 1.0 Throwing
 - Level 1.7 Armour
 - Level 1.7 Stealth
 - Level 1.0 Unarmed Combat


You had 2 spell levels left.
You didn't know any spells.
Your spell library was empty.

Dungeon Overview and Level Annotations

Branches:
Dungeon (2/15)

Annotations:
D:2 Sigmund


Innate Abilities, Weirdness & Mutations

You have an increased reservoir of magic. (+10% MP)


Message History

Jessica hits you but does no damage. Something hits you.
* * * LOW HITPOINT WARNING * * *
You hit Jessica.
You kill Jessica!
You cannot move.
You aren't carrying any potions.
You aren't carrying any items that you can evoke.
Unknown command.
Throw: 29 darts (poison)
Press: ? - help, Q - select action, (/) - cycle Shift-Dir - straight line You throw a poisoned dart.
Something hits you but does no damage.
Throw: 28 darts (poison)
Press: ? - help, Q - select action, (/) - cycle Shift-Dir - straight line You throw a poisoned dart.
Throw: 27 darts (poison)
Press: ? - help, Q - select action, (/) - cycle Shift-Dir - straight line You throw a poisoned dart.
Something hits you.
You die...

...........#..# #.†..#
#....... ...##......##.#
##.### ##.#####
....'.÷......>####.######
#.#
....#......##...........#
#.#
....#......##.####......#
#.# ....#########.#
#......# #.# ....# #.#
#......# #.# ....#
#.########### #.# ....#
#...♣[.# #.# #####
#########{# #.#
#.....###.### #.#
#.....#...).# #.#
########.....#.#.#.# #.#
#..........†.#.#.#.# #.#
#.........#..@.#.#.######.#
#.........#.####.#........#
#.........#.# ..##########


There were no monsters in sight!

Vanquished Creatures
  Jessica (D:2)
  An adder (D:2)
  3 worms (D:2)
  A dart slug (D:1)
  A leopard gecko (D:1)
  3 bats
  4 hobgoblins
  A kobold (D:1)
  2 quokkas (D:2)
  3 frilled lizards
  4 goblins
  4 rats
28 creatures vanquished.

Notes
Turn   | Place    | Note
-------+----------+-------------------------------------------
     0 | D:1      | lessens the Demigod Wanderer began the quest for the Orb.
     0 | D:1      | lessens set off with the following items: a +0 dagger, a
                  | potion of lignification, 13 poisoned darts, a +2 scale mail
     0 | D:1      | Reached XP level 1. HP: 18/18 MP: 3/3
   336 | D:1      | Reached skill level 2 in Axes
   466 | D:1      | Reached XP level 2. HP: 25/25 MP: 4/4
  1683 | D:2      | Reached XP level 3. HP: 18/30 MP: 5/5
  1852 | D:2      | Reached skill level 3 in Axes
  1875 | D:2      | Noticed Sigmund
  1878 | D:2      | Noticed Jessica
  1900 | D:2      | HP: 1/45 [something (3)]
  1901 | D:2      | Killed Jessica
  1904 | D:2      | Slain by Sigmund

Illustrated notes

Levels and vault maps discovered:
D:1:      minmay_arrival_four_loops, layout_rooms
D:2:      layout_basic, uniq_jessica, uniq_sigmund

Skill      XL: |  1  2  3 |
---------------+----------+-----
Axes           | 2 3 |  3.6
Fighting       | |  2.6
Throwing       | |  1.0
Armour         | |  1.7
Stealth        | |  1.7
Unarmed Combat | |  1.0

Action                   || total
-------------------------++-------
Melee: Dagger            ||    23
       Hand axe          ||   103
       Punch             ||     3
Throw: Dart              ||     3
  Use: Potion            ||     1
Armor: Scale mail        ||    42
       Skin              ||     7
Dodge: Dodged            ||    43

Table legend: (Time is in decaauts)
 A = Elapsed time spent in this place.
 B = Non-inter-level travel time spent in this place.
 C = Inter-level travel time spent in this place.
 D = Time resting spent in this place.
 E = Time spent auto-exploring this place.
 F = Levels seen in this place.
 G = Mean time per level.
                   A        B        C        D        E       F      G
               +--------+--------+--------+--------+--------+-----+--------+
         Total |   1922 |   1878 |     44 |    451 |   1072 |   2 |  961.0 |
       Dungeon |   1922 |   1878 |     44 |    451 |   1072 |   2 |  961.0 |
               +--------+--------+--------+--------+--------+-----+--------+

Top non-repeatable levels by time:
     D:1: 1100 daAuts
     D:2: 822 daAuts
